 Dungeon Crawl Stone Soup version 0.31-a0-232-gb1c03b2570 (webtiles) character file.

Game seed: 1049540875665885784

524 qw the Shooter (level 7, -3/60 HPs)
             Began as a Minotaur Hexslinger on July 7, 2023.
             Killed from afar by an orc wizard (12 damage)
             ... with a puff of flame
             ... on level 4 of the Dungeon.
             The game lasted 00:01:07 (3599 turns).

qw the Shooter (Minotaur Hexslinger)                Turns: 3599, Time: 00:01:08

Health: -3/60      AC:  6    Str: 21    XL:     7   Next: 2%
Magic:  7/7        EV: 13    Int:  8    God:
Gold:   153        SH:  0    Dex: 17    Spells: 7/8 levels left

rFire   x . .        Y - +1 sling
rCold   + + .        (no shield)
rNeg    . . .        h - +1 robe {rC+}
rPois   .            a - +0 hat "Puforace" {rF- Str+2 Dex+3}
rElec   .            (no cloak)
rCorr   .            (no gloves)
SInv    +            e - +0 pair of boots
Will    .....        (no amulet)
Stlth   ++           p - +6 ring of strength
HPRegen 0.30/turn    (no ring)
MPRegen 0.10/turn

%: no passive effects
@: no status effects
A: horns 2, retaliatory headbutt, iridescent scales 1, see invisible, cold
resistance 1, dopey 1
a: no special abilities


You were on level 4 of the Dungeon.
You visited 1 branch of the dungeon, and saw 5 of its levels.

You collected 153 gold pieces.


Innate Abilities, Weirdness & Mutations

You have a pair of horns on your head.
You reflexively headbutt those who attack you in melee.
You are partially covered in iridescent scales. (AC +2)
You have supernaturally acute eyesight. (SInv)
Your flesh is cold resistant. (rC+)
You are dopey. (Int -2)


   Skills:
 - Level 4.4 Fighting
 - Level 7.1 Ranged Weapons
 + Level 2.7 Dodging
 - Level 1.0 Spellcasting
 - Level 2.0 Hexes


You had 7 spell levels left.
You knew the following spells:

 Your Spells              Type           Power      Damage    Failure   Level
a - Slow                  Hex            12%        N/A       17%         1

Your spell library contained the following spells:

 Spells                   Type           Power      Damage    Failure   Level
 Inner Flame              Hex/Fire       2%         N/A       61%         3
 Portal Projectile        Hex/Tloc       4%         N/A       61%         3
 Cause Fear               Hex            1%         N/A       86%         4

Inventory:

Hand Weapons
 Y - a +1 sling (weapon)
Armour
 a - the +0 hat "Puforace" (worn) {rF- Str+2 Dex+3}
   (You acquired it on level 1 of the Dungeon)

   Str:       It affects your strength (+2).
   Dex:       It affects your dexterity (+3).
   rF:        It makes you vulnerable to fire.
 e - a +0 pair of boots (worn)
 h - a +1 robe of cold resistance (worn)
 n - a +0 ring mail
Jewellery
 p - a +6 ring of strength (left hand)
Scrolls
 m - a scroll of identify
Potions
 c - a potion of degeneration {unknown}
 d - a potion of haste
 f - a potion of heal wounds {unknown}
 g - a potion of mutation
 i - 3 potions of curing
 j - a potion of might {unknown}
 k - a potion of berserk rage {unknown}

Dungeon Overview and Level Annotations

Branches:
Dungeon (5/15)
 Temple: D:4-7

Altars:
Kikubaaqudgha
Sif Muna


Message History

You shoot a sling bullet. The sling bullet hits the orc priest.
The orc priest is lightly wounded.
The orc wizard points at you and mumbles some strange words.
The puff of flame hits you! The fire burns you terribly!
The orc priest invokes the aid of Beogh against you.
Pain shoots through your body!
You shoot a sling bullet. The sling bullet hits the orc priest.
The orc priest is heavily wounded.
The orc wizard casts a spell at you. The magic dart hits you!
The orc priest barely misses you. You furiously retaliate!
You headbutt the orc priest!
You kill the orc priest!
You have reached level 7!
You shoot a sling bullet. The sling bullet hits the orc wizard.
The orc wizard is lightly wounded.
The orc wizard hits you but does no damage.
You shoot a sling bullet. The sling bullet hits the orc wizard.
The orc wizard is heavily wounded.
The orc wizard hits you but does no damage.
You shoot a sling bullet.
The sling bullet hits the orc wizard but does no damage.
The orc wizard is heavily wounded.
The orc wizard hits you with a +0 dagger.
You shoot a sling bullet. The sling bullet hits the orc wizard.
The orc wizard is severely wounded.
The orc wizard barely misses you.
You shoot a sling bullet.
The sling bullet hits the orc wizard but does no damage.
The orc wizard is severely wounded.
The orc wizard closely misses you. You furiously retaliate!
You headbutt the orc wizard. You shoot a sling bullet.
The sling bullet barely misses the orc wizard.
The orc wizard gestures at you while chanting.
The magic dart hits you.
You shoot a sling bullet.
The sling bullet barely misses the orc wizard.
The orc wizard points at you and mumbles some strange words.
The puff of flame hits you! The fire burns you terribly!
You die...

#.# #.###.#######.##
# #.###.....# #.# #
#.........# ##'## #
#########.# ##...##
###.# ##.....##
##.#.# ##.......##
##....###.........##
#..o....'.........'.
##.@).###.........##
##.#.# ##.......##
##..# ##.....## #.##
##...## #.# ##'##
#.# #.# #.# #.#
####.########.####
#.......##.......#


You could see an orc wizard.

Vanquished Creatures
  A black bear (D:4)
  2 scorpions (D:4)
  A gnoll bouda (D:4)
  An orc priest (D:4)
  3 orc wizards (D:3)
  Terence (D:2)
  5 gnolls (D:4)
  7 adders
  A worm (D:2)
  4 orcs
  2 ball pythons (D:3)
  8 endoplasms
  7 hobgoblins
  2 jackals (D:1)
  2 kobolds (D:3)
  2 quokkas
  4 bats (D:1)
  A frilled lizard (D:2)
  3 goblins
  7 rats
64 creatures vanquished.

Notes
Turn   | Place    | Note
-------+----------+-------------------------------------------
     0 | D:1      | qw the Minotaur Hexslinger began the quest for the Orb.
     0 | D:1      | Reached XP level 1. HP: 16/16 MP: 1/1
     0 | D:1      | 0 ||| qw: Version: 0.3-a-46-gb1f654a
     0 | D:1      | 0 ||| qw: Game counter: 2255
     0 | D:1      | 0 ||| qw: Melee chars always use a shield: true
     0 | D:1      | 0 ||| qw: God list: Okawaru
     0 | D:1      | 0 ||| qw: Allow faded altars: false
     0 | D:1      | 0 ||| qw: Do Orc after clearing Dungeon:15 true
     0 | D:1      | 0 ||| qw: Do second Lair branch before Depths: true
     0 | D:1      | 0 ||| qw: Lair rune preference: random
     0 | D:1      | 0 ||| qw: Goals: Normal
     0 | D:1      | 0 ||| PLANNING D:1-11
   159 | D:1      | Reached skill level 3 in Ranged Weapons
   162 | D:1      | Reached XP level 2. HP: 23/23 MP: 2/2
   180 | D:1      | Found a faded altar of an unknown god.
   644 | D:1      | 644 ||| UPGRADING to +0 pair of boots.
   649 | D:1      | 649 ||| READING scroll labelled FOED DEOMAMI.
   649 | D:1      | Identified a scroll of acquirement
   649 | D:1      | 649 ||| ACQUIRING +0 hat "Puforace" {rF- Str+2 Dex+3}
   649 | D:1      | Acquired the +0 hat "Puforace" {rF- Str+2 Dex+3}
   651 | D:1      | 651 ||| UPGRADING to +0 hat "Puforace" {rF- Str+2 Dex+3}.
   656 | D:1      | 656 ||| DROPPING scroll of poison.
   749 | D:2      | 749 ||| FLEEEEING.
   751 | D:2      | 751 ||| FLEEEEING.
   752 | D:2      | 752 ||| FLEEEEING.
   911 | D:2      | Reached XP level 3. HP: 27/29 MP: 3/3
  1086 | D:2      | Noticed Terence
  1102 | D:2      | HP: 7/29 [Terence/+0 hand axe (5)]
  1103 | D:2      | HP: 2/29 [Terence/+0 hand axe (5)]
  1107 | D:2      | Killed Terence
  1108 | D:2      | Reached skill level 4 in Ranged Weapons
  1276 | D:2      | Reached XP level 4. HP: 36/36 MP: 4/4
  1530 | D:2      | 1530 ||| DROPPING ring of flight.
  1531 | D:2      | 1531 ||| READING scroll labelled TONEKA JIOGUTE.
  1536 | D:2      | 1536 ||| READING scroll labelled XETHRO XOSU.
  1537 | D:2      | 1537 ||| DRINKING 2 cyan potions.
  1537 | D:2      | Gained mutation: Your flesh is cold resistant. (rC+)
                  | [potion of mutation]
  1537 | D:2      | Gained mutation: You do not regenerate when monsters are
                  | visible. [potion of mutation]
  1537 | D:2      | Gained mutation: Your muscles are strong. (Str +4, Int/Dex
                  | -1) [potion of mutation]
  1538 | D:2      | 1538 ||| DRINKING potion of mutation.
  1538 | D:2      | Lost mutation: Your muscles are strong. (Str +4, Int/Dex
                  | -1) [potion of mutation]
  1538 | D:2      | Lost mutation: You do not regenerate when monsters are
                  | visible. [potion of mutation]
  1538 | D:2      | Lost mutation: Your flesh is cold resistant. (rC+) [potion
                  | of mutation]
  1538 | D:2      | Gained mutation: You are partially covered in iridescent
                  | scales. (AC +2) [potion of mutation]
  1538 | D:2      | Gained mutation: You are dopey. (Int -2) [potion of
                  | mutation]
  1538 | D:2      | Gained mutation: You have supernaturally acute eyesight.
                  | (SInv) [potion of mutation]
  1538 | D:2      | Gained mutation: Your flesh is cold resistant. (rC+)
                  | [potion of mutation]
  1687 | D:3      | Reached skill level 5 in Ranged Weapons
  1692 | D:3      | Reached XP level 5. HP: 37/44 MP: 5/5
  1693 | D:3      | Reached skill level 3 in Fighting
  2215 | D:3      | 2215 ||| UPGRADING to +1 robe of cold resistance.
  2225 | D:3      | 2225 ||| DROPPING +0 robe.
  2226 | D:3      | 2226 ||| DROPPING +0 leather armour.
  2227 | D:3      | 2227 ||| UPGRADING to +6 ring of strength.
  2228 | D:3      | 2228 ||| READING scroll labelled YGONUO XEMA.
  2229 | D:3      | 2229 ||| READING 2 scrolls labelled LEOHIJUENK.
  2230 | D:3      | 2230 ||| READING scroll labelled DESIS JENTI.
  2408 | D:4      | Found an ancient bone altar of Kikubaaqudgha.
  2426 | D:4      | Reached skill level 6 in Ranged Weapons
  2558 | D:4      | Noticed a black bear
  2568 | D:4      | Killed a black bear
  2569 | D:4      | Reached XP level 6. HP: 35/53 MP: 6/6
  3046 | D:4      | 3046 ||| Stepping ~*~*~tactically~*~*~ (outnumbered).
  3058 | D:4      | HP: 8/53 [gnoll/+0 halberd[a gnoll bouda] (12)]
  3059 | D:4      | 3059 ||| READING scroll of teleportation.
  3059 | D:4      | HP: 2/53 [gnoll/+0 whip[a gnoll bouda] (6)]
  3434 | D:4      | 3434 ||| Stepping ~*~*~tactically~*~*~ (outnumbered).
  3449 | D:4      | Reached skill level 7 in Ranged Weapons
  3532 | D:4      | 3532 ||| READING scroll labelled HOABRI MUXE.
  3533 | D:4      | 3533 ||| DRINKING 2 lumpy white potions.
  3555 | D:4      | 3555 ||| DROPPING potion of lignification.
  3583 | D:5      | Entered Level 5 of the Dungeon
  3583 | D:5      | Found a shimmering blue altar of Sif Muna.
  3588 | D:5      | 3588 ||| STAIRDANCE
  3592 | D:4      | HP: 9/53 [orc wizard/magic dart (7)]
  3593 | D:4      | Reached XP level 7. HP: 10/60 MP: 7/7
  3598 | D:4      | HP: 9/60 [orc wizard/magic dart (2)]
  3599 | D:4      | Killed from afar by an orc wizard

Levels and vault maps discovered:
D:1:      scummos_arrival_hexagon, layout_loops_ring,
          ebering_ecumenical_altar_petrified, dk_noncrumbling_3,
          minmay_misc_feat_nine_boxes, reono_crystal_passage
D:2:      layout_loops_ring, uniq_terence
D:3:      layout_loops_ring
D:4:      layout_loops_corners, mainiacjoe_overflow_boulevard
D:5:      layout_rooms, dancing_weapons_uskayaw, nicolae_sif_muna_condensation,
          nicolae_nh_ransacked_shop

Skill      XL: |  1  2  3  4  5  6 |
---------------+-------------------+-----
Ranged Weapons | 3 4 5 6 7 |  7.1
Fighting       | 2 4 |  4.4
Dodging        | |  2.7
Spellcasting   | |  1.0
Hexes          | |  2.0

Action                     |  1- 3 |  4- 6 |  7- 9 || total
---------------------------+-------+-------+-------++-------
   Fire: Sling             |    97 |   148 |     7 ||   252
    Use: Scroll            |     1 |     7 |       ||     8
         Potion            |       |     3 |       ||     3
 Armour: Robe              |     6 |    17 |     2 ||    25
  Dodge: Dodged            |    33 |    49 |     2 ||    84

Table legend:
 A = Non-vault XP
 B = Vault XP
 C = Vault XP percentage of total XP
 D = Non-vault monster count
 E = Vault monster count
 F = Vault count percentage of total count
                 A         B        C        D         E       F
            +---------+---------+-------+---------+---------+-------
      Total |     717 |      32 |   4.3 |      63 |       1 |   1.6
            +---------+---------+-------+---------+---------+-------
        D:1 |      20 |       0 |   0.0 |      14 |       0 |   0.0
        D:2 |      62 |      32 |  34.0 |      15 |       1 |   6.2
        D:3 |     158 |       0 |   0.0 |      19 |       0 |   0.0
        D:4 |     474 |       0 |   0.0 |      14 |       0 |   0.0
        D:5 |       3 |       0 |   0.0 |       1 |       0 |   0.0
            +---------+---------+-------+---------+---------+-------
